 Dungeon Crawl Stone Soup version 0.31.0-2-g5a2aebc5c2 (webtiles) character file.

Game seed: 3983714522964178002

13855170 ragingrage the Shatterer (level 27, 323/323 HPs)
             Began as an Oni Delver on Jan 19, 2024.
             Was a High Priest of Ashenzari.
             Escaped with the Orb
             ... and 15 runes on Jan 20, 2024!
             The game lasted 03:41:45 (114626 turns).

ragingrage the Shatterer (Oni Delver)             Turns: 114626, Time: 03:41:46

Health: 323/323    AC: 39    Str: 34    XL:     27
Magic:  50/50      EV: 13    Int: 20    God:    Ashenzari [*****.]
Gold:   14108      SH:  0    Dex: 11    Spells: 9/64 levels left

rFire   + + +        b - +8 giant spiked club of Panopticon {flame, Dev, Comp} (curse)
rCold   + + .        (shield currently unavailable)
rNeg    + + +        W - +10 storm dragon scales
rPois   ∞            j - +1 hat of Supernal Knowledge {^Contam Int+5 SInv, Self, Dev} (curse)
rElec   +            D - +2 cloak of the Ensconced God {rPois rF+++ rC- MP+9 SInv, Self, Melee} (curse)
rCorr   +            (gloves unavailable)
SInv    +            (boots unavailable)
Will    ++++.        q - amulet of Vitality {RegenMP++ Regen++, Range, Dev} (curse)
Stlth   ++           d - ring "Ifuimo" {AC+4 Str+4 Dex+3}
HPRegen 2.33/turn    h - ring "Seer of Ashenzari" {rC++ Will+ rCorr Dex-2 Stlth+, Bglg, Dev} (curse)
MPRegen 1.12/turn

%: clarity
@: death-form, studying 2 skills
A: vile attack, torment immunity, no potions, large, unfitting armour, horns 1,
tough skin 1, double potion healing, drunken brawling, low MP 1, mutation
resistance 1
0: Orb of Zot
}: 15/15 runes: serpentine, barnacled, slimy, silver, golden, iron, obsidian,
icy, bone, abyssal, demonic, glowing, magical, fiery, dark
a: Siphon Essence, Begin Untransformation, Renounce Religion, Curse Item,
Shatter the Chains


You escaped.
You worshipped Ashenzari.
Ashenzari was extremely pleased with you.
You were an undying horror.
You visited 18 branches of the dungeon, and saw 88 of its levels.
You visited Pandemonium 2 times, and saw 10 of its levels.
You visited the Abyss 1 time.
You visited 1 ziggurat, and saw 9 of its levels.
You also visited: Gauntlet.

You collected 19785 gold pieces.
You spent 5677 gold pieces at shops.

Inventory:

Hand Weapons
 b - the cursed +8 giant spiked club of Panopticon (weapon) {flame, Dev, Comp}
   (You took it off an ogre on level 2 of the Orcish Mines)

   It has a curse which improves the following skills: Devices: Evocations and
   Shapeshifting.
   Companions: Summonings and Necromancy.
Missiles
 m - 26 javelins
 H - 172 large rocks
 O - 10 throwing nets
 S - 11 silver javelins
Armour
 j - the cursed +1 hat of Supernal Knowledge (worn) {^Contam Int+5 SInv, Self, Dev}
   (You found it on level 6 of the Dungeon)

   Int+5:     It affects your intelligence (+5).
   SInv:      It lets you see invisible.
   ^Contam:   It causes magical contamination when unequipped.
   It has a curse which improves the following skills: Introspection: Fighting
   and Spellcasting.
   Devices:   Evocations and Shapeshifting.
 D - the cursed +2 cloak of the Ensconced God (worn) {rPois rF+++ rC- MP+9 SInv, Self, Melee}
   (You bought it in a shop on level 3 of the Vaults)

   rF+++:     It renders you almost immune to fire.
   rC-:       It makes you vulnerable to cold.
   rPois:     It protects you from poison MP+9: It affects your magic capacity
   (+9).
   SInv:      It lets you see invisible.
   It has a curse which improves the following skills: Introspection: Fighting
   and Spellcasting.
   Melee Combat: Short Blades, Long Blades, Axes, Maces & Flails, Polearms,
   Staves and Unarmed Combat.
 W - +10 storm dragon scales (worn)
Jewellery
 d - the ring "Ifuimo" (left hand) {AC+4 Str+4 Dex+3}
   (You took it off a vault guard on level 5 of the Vaults)

   [ring of protection]

   AC+4:      It affects your AC (+4).
   Str+4:     It affects your strength (+4).
   Dex+3:     It affects your dexterity (+3).
 h - the cursed ring "Seer of Ashenzari" (right hand) {rC++ Will+ rCorr Dex-2 Stlth+, Bglg, Dev}
   (You bought it in a shop on level 2 of the Depths)

   [ring of willpower]

   Dex-2:     It affects your dexterity (-2).
   rC++:      It greatly protects you from cold.
   Will+:     It increases your willpower.
   rCorr:     It protects you from acid and corrosion.
   Stlth+:    It makes you more stealthy.
   It has a curse which improves the following skills: Beguiling: Hexes and
   Translocations.
   Devices:   Evocations and Shapeshifting.
 q - the cursed amulet of Vitality (around neck) {RegenMP++ Regen++, Range, Dev}
   (You took it off a mummy priest on level 3 of the Depths)

   [amulet of magic regeneration]

   RegenMP:   It increases your rate of magic regeneration.
   Regen++:   It increases your rate of health regeneration.
   It has a curse which improves the following skills: Ranged Combat: Ranged
   Weapons and Throwing.
   Devices:   Evocations and Shapeshifting.
 I - the ring "Nenol" {rN+ Str+6}
   (You found it on level 3 of the Crypt)

   [ring of positive energy]

   Str+6:     It affects your strength (+6).
   rN+:       It protects you from negative energy.
Talismans
 p - the granite talisman of Okawaru's Envy {rC+ Str+3 Int-2 Dex+3}
   (You found it on level 2 of the Dungeon)

   [granite talisman]

   Str+3:     It affects your strength (+3).
   Int-2:     It affects your intelligence (-2).
   Dex+3:     It affects your dexterity (+3).
   rC+:       It protects you from cold.
 F - a talisman of death (active)
Wands
 g - a wand of digging (41)
 M - a wand of acid (55)
 P - a wand of roots (84)
Scrolls
 c - 11 scrolls of fog
 e - 4 scrolls of fear
 f - 35 scrolls of teleportation
 i - 16 scrolls of vulnerability
 l - 4 scrolls of enchant weapon
 r - 7 scrolls of butterflies
 s - 5 scrolls of torment
 t - 5 scrolls of revelation
 y - 10 scrolls of immolation
 B - 2 scrolls of amnesia
 K - 8 scrolls of poison
 Q - 7 scrolls of silence
 T - 10 scrolls of blinking
Potions
 a - 9 potions of enlightenment
 n - 2 potions of haste
 o - 25 potions of curing
 u - 2 potions of brilliance
 x - 2 potions of might
 z - 8 potions of attraction
 A - 9 potions of mutation
 C - 10 potions of heal wounds
 E - 4 potions of magic
 J - 3 potions of resistance
 L - 2 potions of invisibility
 N - 8 potions of ambrosia
 R - 11 potions of lignification
 V - 3 potions of berserk rage
 X - 6 potions of cancellation
Miscellaneous
 k - a figurine of a ziggurat
 v - a phial of floods
 w - a condenser vane (inert)
 U - a lightning rod (4/4)
 Y - a sack of spiders
 Z - a phantom mirror


   Skills:
 - Level 24.3(27) Fighting
 * Level 24.6(26.4) Maces & Flails
 - Level 22.1(24.0) Throwing
 + Level 20.0 Armour
 - Level 17.5 Dodging
 - Level 15.0 Stealth
 - Level 15.9(19.0) Spellcasting
 - Level 10.4 Conjurations
 - Level 19.1(21.0) Necromancy
 - Level 13.0(15.0) Translocations
 - Level 5.0 Ice Magic
 - Level 4.0 Air Magic
 - Level 6.0 Earth Magic
 - Level 10.4 Alchemy
 - Level 22.4(27) Evocations
 - Level 21.4(26.0) Shapeshifting


You had 9 spell levels left.
You knew the following spells:

 Your Spells              Type           Power      Damage    Failure   Level
a - Fugue of the Fallen   Necr           80%        N/A       0%          3
b - Death Channel         Necr           40%        N/A       1%          6
c - Lesser Beckoning      Tloc           100%       N/A       1%          2
d - Manifold Assault      Tloc           68%        N/A       1%          4
e - Ozocubu's Armour      Ice            39%        N/A       2%          3
f - Infestation           Necr           40%        N/A       8%          8
g - Apportation           Tloc           100%       N/A       0%          1
h - Irradiate             Conj/Alch      28%        3d21      2%          5
i - Passwall              Erth           43%        N/A       1%          3
j - Dispersal             Tloc           34%        N/A       1%          6
k - Vhi's Electric Charg  Tloc/Air       100%       N/A       1%          4
l - Swiftness             Air            35%        N/A       3%          3
m - Blink                 Tloc           100%       N/A       1%          2
n - Borgnjor's Vile Clut  Necr/Erth      32%        N/A       1%          5

Your spell library contained the following spells:

 Spells                   Type           Power      Damage    Failure   Level
 Kiss of Death            Conj/Necr      100%       2d13      0%          1
 Necrotise                Necr           100%       1d9       0%          1
 Sublimation of Blood     Necr           80%        N/A       0%          2
 Vampiric Draining        Necr           80%        2d11      0%          3
 Animate Dead             Necr           80%        N/A       0%          4
 Dispel Undead            Necr           80%        3d26      0%          4
 Foxfire                  Conj/Fire      100%       2x1d9     1%          1
 Freeze                   Ice            100%       1d10      1%          1
 Magic Dart               Conj           100%       1d8       1%          1
 Sandblast                Erth           86%        2d18      1%          1
 Shock                    Conj/Air       100%       1d9       1%          1
 Sting                    Conj/Alch      100%       1d9       1%          1
 Cigotuvi's Dreadful Rot  Necr/Alch/Air  100%       N/A       1%          2
 Mercury Vapours          Alch/Air       94%        N/A       1%          2
 Momentum Strike          Conj/Tloc      100%       3d10      1%          2
 Searing Ray              Conj           100%       2d8       1%          2
 Static Discharge         Conj/Air       94%        3-7/arc   1%          2
 Gell's Gravitas          Tloc           68%        N/A       1%          3
 Mephitic Cloud           Conj/Alch/Air  51%        N/A       1%          3
 Stone Arrow              Conj/Erth      100%       3d13      1%          3
 Teleport Other           Tloc           68%        N/A       1%          3
 Anguish                  Hex/Necr       28%        N/A       1%          4
 Fulminant Prism          Conj/Alch      28%        3d14      1%          4
 Iskenderun's Mystic Bla  Conj/Tloc      63%        2d13      1%          4
 Martyr's Knell           Necr/Summ      57%        N/A       1%          4
 Olgreb's Toxic Radiance  Alch           57%        N/A       1%          4
 Passage of Golubria      Tloc           68%        N/A       1%          4
 Curse of Agony           Necr           80%        N/A       1%          5
 Dazzling Flash           Conj/Hex       80%        N/A       2%          3
 Frozen Ramparts          Ice            78%        1d12      2%          3
 Brom's Barrelling Bould  Conj/Erth      51%        2d7       2%          4
 Dimensional Bullseye     Hex/Tloc       24%        N/A       2%          4
 Leda's Liquefaction      Alch/Erth      25%        N/A       2%          4
 Petrify                  Alch/Erth      51%        N/A       2%          4
 Iskenderun's Battlesphe  Conj           57%        2d11      2%          5
 Ensorcelled Hibernation  Hex/Ice        58%        N/A       3%          2
 Slow                     Hex            80%        N/A       6%          1
 Summon Small Mammal      Summ           80%        N/A       6%          1
 Summon Ice Beast         Ice/Summ       29%        N/A       7%          3
 Flame Wave               Conj/Fire      39%        2d11      8%          4
 Ignite Poison            Fire/Alch      39%        N/A       8%          4
 Summon Forest            Summ/Tloc      24%        N/A       8%          5
 Borgnjor's Revivificati  Necr           40%        N/A       8%          8
 Jinxbite                 Hex            40%        N/A       9%          2
 Scorch                   Fire           38%        2d6       10%         2
 Arcjolt                  Conj/Air       23%        1d33      10%         5
 Airstrike                Air            17%        2d(3-19)  12%         4
 Freezing Cloud           Conj/Ice/Air   22%        6-21      13%         5
 Lee's Rapid Deconstruct  Erth           21%        3d12*     16%         5
 Call Canine Familiar     Summ           20%        N/A       17%         3
 Confusing Touch          Hex            20%        N/A       17%         3
 Sigil of Binding         Hex            20%        N/A       17%         3
 Tukima's Dance           Hex            20%        N/A       17%         3
 Inner Flame              Hex/Fire       19%        N/A       19%         3
 Animate Armour           Summ/Erth      62%        N/A       19%         4
 Yara's Violent Unravell  Hex/Alch       20%        3d9       21%         5
 Fireball                 Conj/Fire      19%        3d9       22%         5
 Summon Lightning Spire   Summ/Air       27%        N/A       26%         4
 Bombard                  Conj/Erth      25%        9d5       34%         6
 Sculpt Simulacrum        Ice/Alch       24%        N/A       38%         6
 Conjure Ball Lightning   Conj/Air       23%        3x3d6     45%         6
 Cause Fear               Hex            10%        N/A       50%         4
 Summon Blazeheart Golem  Fire/Summ      19%        N/A       52%         4
 Metabolic Englaciation   Hex/Ice        14%        N/A       52%         5
 Haunt                    Necr/Summ      28%        N/A       56%         7
 Silence                  Hex/Air        13%        N/A       58%         5
 Orb of Destruction       Conj           28%        9d9       58%         7
 Disjunction              Tloc           34%        N/A       65%         8
 Death's Door             Necr           40%        N/A       75%         9
 Summon Mana Viper        Hex/Summ       20%        N/A       85%         5
 Malign Gateway           Summ/Tloc      24%        N/A       93%         7
 Plasma Beam              Fire/Air       13%        2x1d24    99%         6
 Summon Cactus Giant      Summ           10%        N/A       100%        6
 Enfeeble                 Hex            10%        N/A       100%        7
 Monstrous Menagerie      Summ           10%        N/A       100%        7
 Ozocubu's Refrigeration  Ice            19%        4d11      100%        7
 Summon Hydra             Summ           10%        N/A       100%        7
 Ignition                 Fire           9%         3d5       100%        8
 Lehudib's Crystal Spear  Conj/Erth      25%        10d7      100%        8
 Summon Horrible Things   Summ           10%        N/A       100%        8
 Dragon's Call            Summ           10%        N/A       100%        9
 Polar Vortex             Ice            19%        12d2*     100%        9
 Shatter                  Erth           21%        3d19*     100%        9


Dungeon Overview and Level Annotations

Branches:
Dungeon (15/15)            Temple (1/1) D:4            Lair (5/5) D:10
 Shoals (4/4) Lair:2        Snake (4/4) Lair:2        Slime (5/5) Lair:4
    Orc (2/2) D:9             Elf (3/3) Orc:2        Vaults (5/5) D:14
  Crypt (3/3) Vaults:3       Tomb (3/3) Crypt:3      Depths (4/4) D:15
   Hell (visited)             Dis (7/7) Hell            Geh (7/7) Hell
    Coc (7/7) Hell            Tar (7/7) Hell            Zot (5/5) Depths:4
Gauntlet (visited)

Altars:
Ashenzari
Cheibriados
Dithmenos
Elyvilon
Fedhas
Gozag
Hepliaklqana
Kikubaaqudgha
Makhleb
Nemelex Xobeh
Okawaru
Qazlal
Ru
Sif Muna
Trog
Uskayaw
Vehumet
Wu Jian
Xom
Yredelemnul
Zin
The Shining One
Jiyva

Shops:
Orc:2 (![!   Elf:3 (   Shoals:2 (   Snake:1 ?   Snake:3 :   Snake:4 :=:!?
Vaults:2 *   Vaults:3 *:[[   Vaults:4 :   Depths:2 ![*:=:

Portals:
Hell: Depths:1 Depths:2 Depths:3 Depths:4
Abyss: Depths:1 Depths:2 Depths:3
Pandemonium: Depths:2 Depths:4

Annotations:
Lair:5 2 exclusions
Shoals:3 3 runed translucent doors
Elf:1 exclusion: orange crystal statue
Crypt:2 2 transporters


Innate Abilities, Weirdness & Mutations

You are an undying horror.
Your melee and unarmed attacks drain, slow and weaken victims.
You are immune to unholy pain and torment.
You cannot drink.
You are immune to poison.
You are too large for most types of armour.
You have a pair of small horns on your head.
You have tough skin. (AC +1)
You gain doubled healing and magic from potions.
Whenever you drink a healing potion, you attack all around you.
Your magical capacity is low. (-10% MP)
You are somewhat resistant to further mutation.


Message History

(H) Hell (I) Dis (G) Gehenna (X) Cocytus (Y) Tartarus (Z) Zot
Where to? (Tab/Enter - D:1 @ (x,y), ? - help) HP restored.
Magic restored.
There is a stone staircase leading up here.
You climb upwards.
There is a stone staircase leading down here.
There is a stone staircase leading up here.
You climb upwards.
There is a stone staircase leading down here.
There is a stone staircase leading up here.
You climb upwards.
A large abomination comes into view.
There is a stone staircase leading down here.
You closely miss the large abomination.
You headbutt the large abomination, but do no damage.
You beat the large abomination like a drum!!!
You burn the large abomination.
You destroy the large abomination!
No target in view!
(D) Dungeon (T) Temple (L) Lair (A) Shoals (P) Snake Pit (M) Slime Pits (O) Orcish Mines (E) Elven Halls (V) Vaults (C) Crypt (W) Tomb (U) Depths (H) Hell (I) Dis (G) Gehenna (X) Cocytus (Y) Tartarus (Z) Zot
Where to? (Tab/Enter - D:1 @ (x,y), ? - help)
You see here a +0 club.
There is a stone staircase leading up here.
You climb upwards.
There is a stone staircase leading down here.
You see here a +0 leather armour.
There is a stone staircase leading up here.
You climb upwards.
There is a stone staircase leading down here.
There is a stone staircase leading up here.
You climb upwards.
There is a stone staircase leading down here.
There is a staircase leading out of the dungeon here.
You have escaped!

.###.####.#.......## †#
#.# #.#........####### .#
#.# ##...######.......# .#
#.# #..#######..#####.# .#
#.###..##....[....###.# .#
#......#..≈≈≈≈≈≈≈.....#
########.#..≈≈.....≈≈....#
...........≈≈..♣....≈≈...#
#######...≈≈..8.z....≈≈..#
....#.....≈........8..≈..#
.##...#.#.≈...........≈..#
.#......#[≈≈.♣.......≈≈.##
.#.##.###..≈≈..8..♣.≈≈..#
.#.##...##..≈≈.....≈≈...#
...##........≈≈≈.≈≈≈...##
...##.#...............##
......###.#..........##


There were no monsters in sight!

Vanquished Creatures
  Cerebov (Pan)
  Antaeus (Coc:7)
  Asmodeus (Geh:7)
  Ereshkigal (Tar:7)
  Mnoleg (Pan)
  Lom Lobon (Pan)
  Gloorx Vloq (Pan)
  the Serpent of Hell (Geh:7)
  6 dread liches
  Dispater (Dis:7)
  6 ancient liches
  4 orbs of fire (Zot:5)
  3 pandemonium lords
  Mennas (Depths:4)
  3 juggernauts
  Mara (Shoals:4)
  Josephina (Depths:2)
  Xtahua (Depths:4)
  The ghost of MackTheFife the Hill Orc Cataclysm, a veteran HOGl of Qazlal (Vaults:3)
  15 royal mummies
  18 shard shrikes
  Saint Roka (Orc:2)
  Vashnia (Snake:4)
  Vv (Zot:1)
  16 caustic shrikes
  2 Killer Klowns (Zot:5)
  3 curse toes
  Geryon (Hell)
  Nikola (Depths:2)
  8 profane servitors
  4 golden dragons
  16 bone dragons
  12 doom hounds
  25 Tzitzimimeh
  14 Brimstone Fiends
  4 electric golems
  2 spectral shard shrikes
  29 Hell Sentinels
  16 iron giants
  19 tentacled monstrosities
  Rupert (Orc:1)
  Jorgrun (D:15)
  Zenata (Vaults:1)
  14 hellephants
  Asterion (Vaults:3)
  23 tainted leviathans
  25 Orb Guardians
  18 Ice Fiends
  6 liches
  A deep elf master archer (Elf:3)
  2 deep elf blademasters (Elf:3)
  2 walking divine tomes
  12 sphinxes
  A walking earthen tome (Depths:4)
  9 quicksilver dragons
  5 death cobs
  17 titans
  A kraken (Shoals:3)
  16 Executioners
  14 acid blobs
  Gastronok (D:8)
  Frances (Elf:1)
  44 searing wretches
  3 eldritch tentacles (Pan)
  13 shadow dragons
  39 ancient champions
  5 tengu reavers
  17 storm dragons
  17 azure jellies
  Donald (Shoals:4)
  10 rockslimes
  Aizul (Snake:1)
  A fenstrider witch (Pan)
  10 narguns
  5 revenants
  8 nagarajas
  4 demonspawn warmongers (Pan)
  2 iron dragons
  2 draconian knights
  3 draconian monks
  4 protean progenitors (Pan)
  12 quicksilver elementals
  24 fire giants
  6 deep elf sorcerers
  14 vault wardens
  36 balrugs
  9 frost giants
  2 ghost moths
  3 draconian shifters
  Louise (D:15)
  2 spectral juggernauts
  An angel (Abyss:3)
  4 draconian scorchers
  A spectral caustic shrike (Tar:2)
  24 ironbound preservers
  A caustic shrike zombie (Crypt:2)
  8 shard shrike simulacra
  7 demonspawn corrupters (Pan)
  5 draconian stormcallers
  4 draconian annihilators
  2 deep elf elementalists (Elf:3)
  5 orc warlords
  6 cacodemons (Pan)
  4 quicksilver oozes
  13 stone giants
  3 curse skulls
  21 very ugly things
  4 juggernaut skeletons
  4 demonspawn blood saints (Pan)
  13 formless jellyfish
  4 vampire knights
  A spriggan defender (Depths:2)
  24 reapers
  5 deep elf demonologists
  12 ironbound thunderhulks
  5 caustic shrike skeletons (Pan)
  4 green draconians
  7 demonspawn black suns (Pan)
  29 elemental wellsprings
  43 putrid mouths
  7 white draconians
  Nessos (Orc:2)
  10 wendigos
  11 purple draconians
  8 spark wasps
  6 deep elf death magi
  3 lorocyprocas
  40 war gargoyles
  A dire elephant (Vaults:4)
  A minotaur (Gauntlet)
  2 spectral titans
  9 bennus (Tomb:2)
  11 deep elf annihilators
  Azrael (D:12)
  9 black draconians
  11 yellow draconians
  11 red draconians
  17 blizzard demons
  The ghost of BigPumpCobain the Bludgeoner, a journeyman GrBe of Trog (Lair:3)
  9 merfolk javelineers
  9 green deaths (Pan)
  4 eidola
  A spectral quicksilver dragon (Tar:3)
  5 crystal guardians
  13 ettins
  20 mummy priests
  35 iron golems
  5 fire dragons
  5 spectral spriggans
  8 deep elf high priests
  13 great orbs of eyes
  20 yaktaur captains
  7 jiangshi (Crypt:2)
  10 merfolk impalers
  4 entropy weavers
  Fannar (D:12)
  8 ice dragons
  4 hydras
  13 anacondas
  5 caustic shrike simulacra
  3 hell beasts
  8 stokers
  An ogre mage (Vaults:5)
  28 vault guards
  An Orb Guardian zombie (Crypt:1)
  11 salamander tyrants
  Erica (D:8)
  A jorogumo (Pan)
  3 peacekeepers (Vaults:4)
  14 ironbound frosthearts
  5 juggernaut simulacra
  9 merfolk aquamancers
  8 rakshasas
  13 two-headed ogres
  Erolcha (Orc:2)
  2 death knights
  4 spriggan air magi
  19 centaur warriors
  28 dancing weapons
  A fenstrider witch skeleton (Tomb:3)
  4 merfolk avatars
  A spectral stone giant (Tar:5)
  2 alligator snapping turtles
  24 death scarabs
  2 satyrs
  2 boulder beetles
  8 deep troll earth magi
  21 naga warriors
  A titan zombie (Crypt:3)
  6 vampire magi
  5 demonic crawlers
  8 tengu warriors
  51 hell hogs
  3 thrashing horrors
  Urug (Orc:2)
  5 deep troll shamans
  3 spectral emperor scorpions (Pan)
  4 death yaks (Lair:4)
  2 occultists (Depths:2)
  2 spectral dire elephants
  5 shock serpents
  15 deep elf knights
  22 naga sharpshooters
  2 spriggan berserkers
  3 wretched stars
  53 sun demons
  3 orc high priests (Orc:2)
  A storm dragon zombie (Crypt:2)
  A spectral naga (Tar:5)
  31 shadow wraiths
  17 hell knights
  20 crystal echidnas
  15 soul eaters
  4 skysharks
  29 skeletal warriors
  5 salamander mystics
  12 iron trolls
  7 sixfirhies (Pan)
  2 hellephant skeletons (Pan)
  A goliath frog (Pan)
  A cherub (Pan)
  A golden dragon zombie (Crypt:3)
  2 spectral anacondas
  A spatial maelstrom (Zig:8)
  7 mana vipers
  16 sun moths
  9 quicksilver dragon simulacra
  13 sea snakes
  An orb spider (shapeshifter) (Vaults:5)
  A mana viper (shapeshifter) (D:15)
  2 shadow demons (Pan)
  2 naga ritualists
  8 glowing orange brains
  12 arcanists
  A steelbarb worm (shapeshifter) (Vaults:5)
  16 ironbound convokers
  74 deep trolls
  A deep troll (shapeshifter) (Vaults:5)
  7 deep elf archers
  9 lindwurms
  5 flayed ghosts
  A steelbarb worm (Zig:9)
  29 deep elf pyromancers
  An anaconda zombie (Hell)
  20 large abominations
  32 harpies
  5 phantasmal warriors
  A glowing shapeshifter (Vaults:5)
  4 spriggan simulacra
  7 orc knights
  17 necromancers
  45 ugly things
  2 starcursed masses (Zig:8)
  19 manticores
  A spectral ettin (Tar:5)
  29 deep elf zephyrmancers
  3 draconians (Abyss:3)
  A sphinx simulacrum (Depths:3)
  An iron dragon zombie (Crypt:3)
  6 cyclopes
  6 shining eyes
  A frost giant zombie (Vaults:2)
  Maurice (D:8)
  3 orc sorcerers (Orc:2)
  13 salamanders
  A manticore (shapeshifter) (Elf:3)
  An alligator skeleton (Hell)
  A worldbinder (Gauntlet)
  15 fauns
  16 moths of wrath
  A moth of wrath (shapeshifter) (Vaults:5)
  A spectral centaur (Tar:2)
  17 vault sentinels
  31 black mambas
  2 iron dragon skeletons (Tomb:2)
  5 kobold blastminers
  3 naga zombies
  2 torpor snails
  A dire elephant zombie (Crypt:2)
  2 apocalypse crabs (Abyss:3)
  6 orange demons (Pan)
  15 naga magi
  5 centaur zombies
  10 guardian serpents
  10 merfolk sirens
  7 rust devils (Hell)
  22 smoke demons
  9 water nymphs
  4 eyes of devastation
  A cane toad (shapeshifter) (Elf:1)
  A shock serpent skeleton (Crypt:2)
  Maggie (D:9)
  5 titan simulacra
  9 gargoyles
  35 hellions
  An ice statue (Vaults:3)
  A minotaur zombie (Gauntlet)
  An alligator snapping turtle skeleton (Crypt:1)
  A komodo dragon (shapeshifter) (Vaults:5)
  An iron troll zombie (Crypt:1)
  9 unseen horrors
  7 komodo dragons
  Jeremiah (D:8)
  4 anaconda simulacra
  A dire elephant skeleton (Crypt:1)
  A kobold demonologist (D:9)
  Psyche (D:8)
  15 cane toads
  A grey draconian zombie (Crypt:1)
  4 human zombies
  2 centaur skeletons
  4 rime drakes (Lair:4)
  7 efreet (Pan)
  34 yaktaurs
  8 freezing wraiths
  23 tormentors
  An ice devil (Pan)
  A yellow draconian skeleton (Crypt:2)
  37 guardian mummies
  8 tengu conjurers
  5 spectral harpies
  2 golden dragon simulacra
  A queen bee (shapeshifter) (Elf:1)
  38 merfolk
  4 red devils
  3 iron giant simulacra
  2 trolls
  6 hornets
  15 hellwings
  A troll (shapeshifter) (D:9)
  An iron troll skeleton (Crypt:1)
  2 polar bears
  2 harpy skeletons
  A queen bee (Lair:3)
  10 wind drakes
  A snapping turtle (shapeshifter) (Vaults:5)
  A hydra skeleton (Hell)
  Grinder (D:4)
  2 glass eyes
  4 ettin zombies
  5 dream sheep
  15 blink frogs
  An ice dragon zombie (Crypt:3)
  14 snapping turtles
  2 stone giant simulacra
  3 raiju (Abyss:3)
  2 iron dragon simulacra
  4 spriggan zombies
  A human simulacrum (Vaults:2)
  A jumping spider (Zig:9)
  A frost giant simulacrum (Depths:3)
  9 air elementals
  28 water elementals
  121 slime creatures
  2 spriggans (Depths:2)
  4 wyverns
  An orc simulacrum (Crypt:1)
  21 ushabtiu
  4 vampires
  2 naga simulacra
  5 small abominations
  14 ynoxinuls
  8 dire elephant simulacra
  5 wraiths
  A wind drake zombie (Crypt:1)
  4 neqoxecs
  36 yaks
  An elf (Depths:2)
  4 fire bats (Pan)
  An ettin skeleton (Vaults:2)
  5 fire elementals
  3 alligator snapping turtle simulacra
  A basilisk (D:14)
  17 humans
  3 steam dragons
  2 wargs (Orc:1)
  7 vampire mosquitoes
  12 golden eyes
  A minotaur simulacrum (Coc:2)
  7 chaos spawn
  3 redbacks
  3 swamp worms (D:10)
  16 harpy simulacra
  A glowing shapeshifter zombie (Vaults:4)
  4 acid dragons
  49 nagas
  A swamp worm (shapeshifter) (Vaults:5)
  3 hydra simulacra
  2 hell hounds (D:12)
  13 water moccasins
  A water nymph skeleton (Crypt:1)
  A glowing shapeshifter skeleton (Vaults:2)
  An ice beast (D:5)
  22 orc warriors
  A sky beast (shapeshifter) (D:15)
  26 laughing skulls
  A swamp drake (Lair:5)
  2 black bears
  5 ettin simulacra
  13 wolves
  6 centaurs
  7 boggarts
  11 ogres
  An elephant skeleton (Crypt:2)
  5 lemures (Depths:2)
  2 phantoms
  4 kobold brigands
  17 bullfrogs
  3 gnoll sergeants (D:9)
  2 necrophages (Crypt:3)
  3 earth elementals
  4 scorpions
  15 wights
  A water moccasin skeleton (Crypt:1)
  A polar bear zombie (Crypt:2)
  19 killer bees
  11 howler monkeys
  2 bombardier beetles
  2 electric eels
  A quasit (Abyss:3)
  2 jellies (D:6)
  13 orc priests
  Ijyb (D:3)
  2 iguanas
  Natasha (thrice) (D:3)
  21 orc wizards
  A centaur simulacrum (D:9)
  2 spectral hounds (Depths:2)
  An ogre skeleton (Crypt:1)
  2 naga skeletons
  37 mummies
  8 adders
  4 gnolls
  A swamp drake skeleton (Crypt:2)
  5 shadow imps
  6 white imps
  An iguana skeleton (Crypt:2)
  2 ribbon worms (D:5)
  3 dart slugs (D:2)
  56 orcs
  4 bats
  9 endoplasms
  6 giant cockroaches
  9 goblins
  4 hobgoblins
  3 jackals (D:3)
  3 quokkas
  5 ball pythons
  4 frilled lizards
  17 kobolds
  5 rats
  3 aspiring fleshes (Pan)
  6 ball lightnings
  5 creeping infernos
  40 fire vortices
  A lurking horror (Abyss:1)
  A starspawn tentacle (Pan)
  3 tentacles (Shoals:3)
3815 creatures vanquished.

Vanquished Creatures (collateral kills)
  the Royal Jelly (Slime:5)
  Ignacio (Pan)
  An orb of fire (Zot:5)
  11 royal mummies
  2 shard shrikes
  2 caustic shrikes
  A golden dragon (Zot:4)
  3 bone dragons (Tar:6)
  A Brimstone Fiend (Geh:7)
  An iron giant (Dis:7)
  2 tentacled monstrosities
  2 Hell Sentinels (Dis:7)
  A lich (Tomb:3)
  2 Orb Guardians (Zot:5)
  A searing wretch (Geh:7)
  4 acid blobs
  4 ancient champions
  3 death cobs (Zot:1)
  A shadow dragon (Zot:2)
  3 azure jellies (Slime:5)
  A rockslime (Slime:5)
  A revenant (Tomb:2)
  2 quicksilver elementals (Dis:7)
  2 demonspawn warmongers (Pan)
  2 vault wardens
  3 fire giants
  A balrug (Geh:5)
  A frost giant (Depths:1)
  A ghost moth (Zig:9)
  4 quicksilver oozes
  6 very ugly things
  An ironbound preserver (Vaults:4)
  An ironbound thunderhulk (Vaults:4)
  2 green draconians
  A lorocyproca (Hell)
  5 bennus
  A wendigo (Coc:7)
  An elemental wellspring (Coc:7)
  A purple draconian (Zot:4)
  A war gargoyle (Vaults:5)
  A yellow draconian (Zot:2)
  A putrid mouth (Tar:5)
  An iron golem (Dis:7)
  A green death (Pan)
  3 ettins
  A fire dragon (Depths:1)
  6 mummy priests
  An entropy weaver (Zig:9)
  8 vault guards
  A juggernaut simulacrum (Coc:7)
  2 stokers (Geh:3)
  2 ironbound frosthearts
  A radroach (Zig:9)
  A two-headed ogre (Vaults:5)
  3 hell hogs
  A tengu warrior (D:13)
  A death scarab (Tomb:3)
  A spriggan berserker (Depths:2)
  A crystal echidna (Dis:7)
  2 shadow wraiths
  A pharaoh ant (Zig:9)
  4 deep trolls
  A sixfirhy (Pan)
  3 skeletal warriors (Tomb:2)
  A spriggan simulacrum (Coc:5)
  4 orc knights
  A sun moth (Pan)
  A shadow dragon skeleton (Tomb:1)
  A shining eye (Slime:5)
  5 ugly things
  A human skeleton (Tomb:2)
  A smoke demon (Zig:8)
  A vault sentinel (Vaults:2)
  A gargoyle (Depths:2)
  A hellion (Coc:5)
  A yaktaur (Vaults:3)
  A tormentor (Geh:5)
  2 tengu conjurers
  10 guardian mummies
  A harpy zombie (Tomb:3)
  A hornet (Depths:2)
  A harpy skeleton (Tomb:3)
  17 slime creatures
  A spriggan (Depths:2)
  5 ushabtiu (Tomb:3)
  A redback (Vaults:2)
  An elf (Depths:2)
  2 chaos spawn (Pan)
  4 harpy simulacra
  An ogre skeleton (Vaults:4)
  An ogre (Vaults:5)
  A wolf (Depths:2)
  7 mummies
  4 creeping infernos
  4 fire vortices (Geh:3)
217 creatures vanquished.

Vanquished Creatures (others)
  2 ancient liches
  A pandemonium lord (D:7)
  An elemental wellspring (Coc:3)
  A caustic shrike simulacrum (Coc:5)
  A deep elf knight (Elf:3)
  A quicksilver dragon simulacrum (Coc:5)
  A hellion (Geh:3)
  A tormentor (Geh:5)
  A human (D:14)
  A boggart (Depths:2)
  A crimson imp (D:7)
  An orc wizard (Orc:2)
  11 ball lightnings
  3 creeping infernos
  10 fire vortices
  A starspawn tentacle (Pan)
  5 tentacles (Shoals:3)
43 creatures vanquished.

Grand Total: 4075 creatures vanquished

Notes
Turn   | Place    | Note
-------+----------+-------------------------------------------
     0 | D:5      | ragingrage the Oni Delver began the quest for the Orb.
     0 | D:5      | Reached XP level 1. HP: 24/24 MP: 1/1
    70 | D:6      | Identified the +1 hat "Earthly Heaven" {^Contam Int+5 SInv}
   172 | D:5      | Found a sacrificial altar of Ru.
   268 | D:4      | Noticed a kobold brigand
   272 | D:4      | Found a staircase to the Ecumenical Temple.
   279 | D:4      | Noticed Grinder
   289 | D:4      | Noticed a scorpion
   456 | D:2      | Found a faded altar of an unknown god.
   480 | D:2      | Reached XP level 2. HP: 32/32 MP: 2/2
   498 | D:2      | Prayed at the altar of an unknown god.
   498 | D:2      | Became a worshipper of Ashenzari the Shackled
   611 | D:2      | Reached XP level 3. HP: 40/40 MP: 3/3
   762 | D:1      | Reached * piety under Ashenzari
  1295 | D:2      | Identified the granite talisman of Okawaru's Envy {rC+
                  | Str+3 Int-2 Dex+3}
  1337 | D:2      | Reached XP level 4. HP: 46/50 MP: 4/4
  1416 | D:2      | Reached ** piety under Ashenzari
  1761 | D:3      | Noticed Natasha
  1776 | D:3      | Killed Natasha
  1794 | D:3      | Noticed Ijyb
  1798 | D:3      | Paralysed by Ijyb for 2 turns
  1807 | D:3      | Paralysed by Ijyb for 2 turns
  1811 | D:3      | Killed Ijyb
  1812 | D:3      | Reached XP level 5. HP: 58/61 MP: 5/5
  1895 | D:3      | Found a broken altar of Ashenzari.
  2053 | D:3      | Noticed Natasha
  2067 | D:3      | Killed Natasha
  2068 | D:3      | Reached skill level 5 in Maces & Flails
  2089 | D:3      | Noticed Natasha
  2266 | D:3      | Reached *** piety under Ashenzari
  2305 | D:3      | Killed Natasha
  2332 | D:3      | Identified the cursed +0 robe "Restrained Mysticism" {Sorc,
                  | Self}
  2587 | D:4      | Noticed a wyvern
  2648 | D:3      | Reached skill level 1 in Evocations
  2648 | D:3      | Reached XP level 6. HP: 39/71 MP: 4/6
  3331 | D:4      | Reached skill level 5 in Fighting
  3446 | D:3      | Reached XP level 7. HP: 76/81 MP: 7/7
  3471 | D:4      | Killed Grinder
  3476 | D:4      | Killed a wyvern
  3855 | D:5      | Reached XP level 8. HP: 85/92 MP: 8/8
  3956 | Temple   | Entered the Ecumenical Temple
  4000 | D:5      | Found a white marble altar of Elyvilon.
  4661 | D:5      | Found a shimmering altar of Xom.
  5315 | D:6      | Reached XP level 9. HP: 103/105 MP: 9/9
  5695 | D:7      | Reached skill level 10 in Maces & Flails
  5948 | D:7      | Reached skill level 1 in Throwing
  6554 | D:7      | Reached **** piety under Ashenzari
  6780 | D:8      | Noticed Jeremiah
  7106 | D:8      | Noticed Gastronok
  7127 | D:8      | Noticed Erica
  7352 | D:9      | Found a bloodstained altar of Trog.
  7387 | D:8      | Killed Erica
  7388 | D:8      | Reached skill level 10 in Fighting
  7388 | D:8      | Reached XP level 10. HP: 52/117 MP: 6/10
  7445 | D:8      | Noticed Maurice
  7452 | D:8      | Killed Maurice
  8061 | D:8      | Noticed a two-headed ogre
  8481 | D:8      | Killed a two-headed ogre
  9264 | D:8      | Noticed Psyche
  9715 | D:10     | Entered Level 10 of the Dungeon
  9865 | D:10     | Found a staircase to the Lair.
  9886 | D:10     | Found an ancient bone altar of Kikubaaqudgha.
  9896 | D:10     | Found a sparkling altar of Nemelex Xobeh.
 10008 | D:9      | Noticed an unseen horror
 10016 | D:9      | Killed an unseen horror
 10017 | D:9      | Reached skill level 5 in Throwing
 10364 | D:9      | Noticed a kobold demonologist
 10368 | D:9      | Killed a kobold demonologist
 10387 | D:9      | Reached XP level 11. HP: 125/130 MP: 11/11
 10569 | D:9      | Found a radiant altar of Vehumet.
 10595 | D:9      | Found a staircase to the Orcish Mines.
 10737 | D:9      | Noticed a two-headed ogre
 10821 | D:9      | Learned a level 2 spell: Blink
 11209 | D:9      | Noticed Maggie
 11321 | D:8      | Reached skill level 1 in Translocations
 11652 | D:10     | Noticed a two-headed ogre
 11695 | D:10     | Killed a two-headed ogre
 11744 | D:10     | Found a stormy altar of Qazlal.
 11932 | D:10     | Identified the +1 robe "Gulleps" {rF+ rC+}
 12641 | D:10     | Noticed a demonic crawler
 12933 | Lair:1   | Entered Level 1 of the Lair of Beasts
 13997 | Lair:1   | Reached XP level 12. HP: 139/139 MP: 15/15
 14015 | Lair:1   | Reached skill level 1 in Armour
 14176 | Lair:1   | Reached skill level 15 in Maces & Flails
 15272 | Lair:2   | Found a staircase to the Snake Pit.
 16204 | Lair:2   | Found a staircase to the Shoals.
 16789 | Lair:3   | Reached skill level 1 in Shapeshifting
 16826 | Lair:3   | Found an iron altar of Okawaru.
 16957 | Lair:3   | Noticed BigPumpCobain's ghost (journeyman GrBe)
 16970 | Lair:3   | Found a transporter.
 16974 | Lair:3   | Found a transporter.
 18097 | Lair:4   | Noticed a death yak
 18097 | Lair:4   | Noticed a death yak
 18130 | Lair:4   | Killed a death yak
 18153 | Lair:4   | Noticed a seven-headed hydra
 18343 | Lair:4   | Killed a seven-headed hydra
 18344 | Lair:4   | Reached skill level 5 in Shapeshifting
 18344 | Lair:4   | Reached XP level 13. HP: 152/152 MP: 16/16
 18724 | Lair:4   | Found a viscous altar of Jiyva.
 19561 | Lair:4   | Found a staircase to the Slime Pits.
 19598 | Lair:5   | Entered Level 5 of the Lair of Beasts
 21789 | D:9      | Killed Maggie
 22226 | D:9      | Reached skill level 10 in Shapeshifting
 22352 | D:9      | Reached XP level 14. HP: 150/159 MP: 16/16
 22417 | D:8      | Killed Gastronok
 22508 | D:8      | Killed Psyche
 22784 | D:5      | Found a snail-covered altar of Cheibriados.
 23129 | D:7      | Found a blossoming altar of Fedhas.
 23207 | D:8      | Killed Jeremiah
 23446 | Orc:1    | Entered Level 1 of the Orcish Mines
 23525 | Orc:2    | Entered Level 2 of the Orcish Mines
 23525 | Orc:2    | Noticed Erolcha
 23525 | Orc:2    | Found a staircase to the Elven Halls.
 23531 | Orc:2    | Noticed Nessos
 23532 | Orc:2    | Noticed Rupert
 23534 | Orc:2    | Killed Nessos
 23993 | D:10     | Learned a level 1 spell: Apportation
 25265 | D:12     | Found a gate leading to a gauntlet.
 25290 | Gauntlet | Entered a Gauntlet
 25290 | Gauntlet | Found the +5 glaive of the Guard {elec, spectral}
 25290 | Gauntlet | Found a transporter.
 25406 | Gauntlet | Found a transporter.
 25421 | Gauntlet | Found a transporter.
 25427 | Gauntlet | Found a transporter.
 25430 | Gauntlet | Noticed a cacodemon
 25442 | Gauntlet | Found a transporter.
 25442 | Gauntlet | Identified the amulet "Etasoxeps" {^Drain Regen+ rCorr
                  | Int-5 Slay+5}
 25459 | Gauntlet | Identified the ring "Ibritz" {rF+ rC+ Int-4 Dex+4}
 25461 | Gauntlet | Found a transporter.
 25469 | Gauntlet | Identified the +1 pair of gloves "Leythrobo" {Regen+ Dex+3}
 25473 | Gauntlet | Found a transporter.
 25486 | Gauntlet | Found a transporter.
 25492 | Gauntlet | Found a transporter.
 25492 | Gauntlet | Found a transporter.
 25507 | Gauntlet | Found a large runed translucent door.
 25508 | Gauntlet | Found a large runed translucent door.
 25509 | Gauntlet | Found a large runed translucent door.
 25509 | Gauntlet | Found a large runed translucent door.
 25510 | Gauntlet | Found a runed translucent gate.
 25511 | Gauntlet | Found a transporter.
 25511 | Gauntlet | Found a runed translucent gate.
 25512 | Gauntlet | Found a runed translucent gate.
 25513 | Gauntlet | Found a large runed translucent door.
 25513 | Gauntlet | Found a large runed translucent door.
 25514 | Gauntlet | Found a large runed translucent door.
 25515 | Gauntlet | Found a large runed translucent door.
 25523 | Gauntlet | Found a transporter.
 25526 | Gauntlet | Identified the ring "Movuycez" {Fly rC++ Int+5 SInv}
 25540 | Gauntlet | Found a transporter.
 25553 | Gauntlet | Found a large runed translucent door.
 25554 | Gauntlet | Found a large runed translucent door.
 25555 | Gauntlet | Found a large runed translucent door.
 25555 | Gauntlet | Found a large runed translucent door.
 25556 | Gauntlet | Found a runed translucent door.
 25557 | Gauntlet | Found a transporter.
 25558 | Gauntlet | Found a runed translucent door.
 25559 | Gauntlet | Found a large runed translucent door.
 25559 | Gauntlet | Found a large runed translucent door.
 25559 | Gauntlet | Found a transporter.
 25560 | Gauntlet | Found a large runed translucent door.
 25561 | Gauntlet | Found a large runed translucent door.
 25589 | Gauntlet | Found a transporter.
 25591 | Gauntlet | Found a transporter.
 25623 | Gauntlet | Found a transporter.
 25957 | Gauntlet | Gained mutation: Your muscles are strong. (Str +4, Int/Dex
                  | -1) [a cacodemon]
 25965 | Gauntlet | Identified the +3 scale mail of Pan-Flutes {rCorr Str+2
                  | Slay+2}
 26756 | D:12     | Noticed Fannar
 26771 | D:12     | Killed Fannar
 27703 | D:13     | Noticed Azrael
 27709 | D:12     | Killed Azrael
 27888 | D:13     | Reached XP level 15. HP: 141/170 MP: 14/18
 28709 | D:13     | Learned a level 2 spell: Lesser Beckoning
 28842 | D:14     | Found a gate to the Vaults.
 28845 | D:14     | Reached skill level 5 in Evocations
 29163 | D:14     | Reached skill level 1 in Spellcasting
 30812 | D:15     | Entered Level 15 of the Dungeon
 31303 | D:15     | Reached skill level 5 in Spellcasting
 31409 | D:15     | Noticed Jorgrun
 31417 | D:15     | Noticed Louise
 31425 | D:15     | Killed Jorgrun
 31441 | D:15     | Killed Louise
 31543 | D:15     | Found a shimmering blue altar of Sif Muna.
 32046 | D:15     | Found a staircase to the Depths.
 32240 | Snake:1  | Entered Level 1 of the Snake Pit
 32305 | Snake:1  | Reached XP level 16. HP: 179/179 MP: 29/29
 32929 | Snake:1  | Identified the serpent talisman "Xumilist" {Will++}
 32929 | Snake:1  | Noticed Aizul
 32940 | Snake:1  | Killed Aizul
 33193 | Snake:1  | Found Foaphaif's Magic Scroll Emporium.
 33210 | Snake:1  | Bought a scroll of blinking for 127 gold pieces
 33210 | Snake:1  | Bought a scroll of poison for 68 gold pieces
 33762 | Orc:2    | Paralysed by Rupert for 3 turns
 33774 | Orc:1    | Killed Rupert
 34423 | Snake:2  | Reached skill level 15 in Fighting
 35608 | Snake:3  | Found Jidagino's Book Emporium.
 35628 | Snake:3  | Reached skill level 10 in Evocations
 35647 | Snake:3  | Bought a book of Battle for 442 gold pieces
 35652 | Snake:3  | Learned a level 4 spell: Manifold Assault
 35656 | Snake:3  | Learned a level 3 spell: Ozocubu's Armour
 35660 | Snake:3  | Learned a level 3 spell: Fugue of the Fallen
 36018 | Snake:3  | Reached XP level 17. HP: 198/198 MP: 27/31
 36349 | Snake:4  | Entered Level 4 of the Snake Pit
 36412 | Snake:4  | Reached skill level 5 in Translocations
 36631 | Snake:4  | Found Yshiusti's Magic Scroll Emporium.
 36638 | Snake:4  | Bought a scroll of immolation for 48 gold pieces
 36638 | Snake:4  | Bought a scroll of fear for 48 gold pieces
 36842 | Snake:4  | Reached skill level 5 in Stealth
 37301 | Snake:4  | Found Jequket's Book Emporium.
 37420 | Snake:4  | Found Wega's Jewellery Shop.
 37583 | Snake:4  | Found Pipniow's Distillery.
 37587 | Snake:4  | Bought a potion of curing for 54 gold pieces
 37606 | Snake:4  | Found Nogot's Tiny Tomes.
 38237 | Snake:4  | Noticed Vashnia
 38242 | Snake:4  | Killed Vashnia
 38519 | Snake:4  | Got a serpentine rune of Zot
 38849 | Orc:2    | Killed Erolcha
 39161 | Orc:2    | Noticed Urug
 39162 | Orc:2    | Killed Urug
 39235 | Orc:2    | Noticed Saint Roka
 39253 | Orc:2    | Killed Saint Roka
 39763 | Orc:2    | Found Yrchonodd's Distillery.
 39763 | Orc:2    | Found Fatiogas's Antique Weapon Emporium.
 39765 | Orc:2    | Found Qedakha's Armour Shop.
 39765 | Orc:2    | Found Kupp's Distillery.
 39868 | Orc:2    | Bought a potion of heal wounds for 60 gold pieces
 39868 | Orc:2    | Bought a potion of curing for 36 gold pieces
 39871 | Orc:2    | Bought 2 potions of heal wounds for 160 gold pieces
 40068 | Orc:1    | Reached XP level 18. HP: 210/210 MP: 10/32
 40268 | Orc:1    | Reached skill level 10 in Translocations
 40678 | Elf:1    | Entered Level 1 of the Elven Halls
 41480 | Elf:1    | Noticed Frances
 41483 | Elf:1    | Killed Frances
 42519 | Elf:2    | Paralysed by an air elemental for 1 turns
 43022 | Elf:2    | Found a huge runed translucent gate.
 43022 | Elf:2    | Found a huge runed translucent gate.
 43032 | Elf:2    | Found a huge runed translucent gate.
 43046 | Elf:2    | Found a huge runed translucent gate.
 43046 | Elf:2    | Found a huge runed translucent gate.
 43101 | Elf:3    | Entered Level 3 of the Elven Halls
 43101 | Elf:3    | Identified the +9 falchion "Ykhlyim" {heavy, Dex+6}
 43834 | Elf:3    | Found Hosuoteu's Antique Weapon Boutique.
 44663 | Elf:3    | Identified the +8 hand axe of the Sneaky Blessings {heavy,
                  | rElec rC+ MP-9}
 44663 | Elf:3    | Identified the ring "Regikitz" {rF+ Int+3}
 44664 | Elf:3    | Reached XP level 19. HP: 220/220 MP: 21/33
 44841 | Elf:3    | Identified the +6 executioner's axe "Vinit" {drain, rCorr}
 45249 | Elf:3    | Identified the +0 scale mail of Morality {Slay+5}
 45272 | Elf:3    | Learned a level 6 spell: Death Channel
 45281 | Elf:3    | Learned a level 5 spell: Irradiate
 45849 | Shoals:1 | Entered Level 1 of the Shoals
 45950 | Shoals:1 | Reached skill level 1 in Necromancy
 45950 | Shoals:1 | Reached skill level 1 in Ice Magic
 48119 | Shoals:2 | Found Baennew's Weapon Boutique.
 48284 | Shoals:3 | Found a runed translucent gate.
 48284 | Shoals:3 | Found a runed translucent gate.
 48284 | Shoals:3 | Found a runed translucent gate.
 49443 | Shoals:4 | Entered Level 4 of the Shoals
 49571 | Shoals:4 | Reached skill level 5 in Necromancy
 49695 | Shoals:4 | Noticed Mara
 49696 | Shoals:4 | Reached XP level 20. HP: 241/241 MP: 26/35
 49716 | Shoals:4 | Killed Mara
 49778 | Shoals:4 | Identified the +1 falchion of Upheaval {venom, rElec Str+3}
 49793 | Shoals:4 | Identified the +6 morningstar of Freehold {flame, rPois
                  | Str+3 Dex-3}
 50409 | Shoals:4 | Got a barnacled rune of Zot
 50414 | Shoals:4 | Learned a level 3 spell: Passwall
 50443 | Shoals:4 | Noticed Donald
 50450 | Shoals:4 | Killed Donald
 50450 | Shoals:4 | Paralysed by an air elemental for 1 turns
 50452 | Shoals:4 | Reached skill level 1 in Earth Magic
 52022 | Vaults:1 | Entered Level 1 of the Vaults
 52257 | Vaults:1 | Noticed Zenata
 52261 | Vaults:1 | Killed Zenata
 54256 | Vaults:2 | Reached XP level 21. HP: 257/257 MP: 33/38
 54496 | Vaults:2 | Reached skill level 10 in Necromancy
 55508 | Vaults:2 | Reached skill level 5 in Ice Magic
 55877 | Vaults:2 | Found Ineyj's General Store.
 55881 | Vaults:2 | Bought a scroll of vulnerability for 56 gold pieces
 56170 | Vaults:3 | Noticed Asterion
 56179 | Vaults:3 | Killed Asterion
 56410 | Vaults:3 | Found Buseghivuqu's Book Shop.
 56468 | Vaults:3 | Found a runed translucent door.
 56468 | Vaults:3 | Noticed MackTheFife's ghost (veteran HOGl)
 56700 | Vaults:3 | Noticed a bone dragon
 56708 | Vaults:3 | Killed a bone dragon
 56711 | Vaults:3 | Found a staircase to the Crypt.
 57036 | Vaults:3 | Identified the +0 leather armour of the Blessed Realm
                  | {rPois rN+++ Str+2 Stlth-}
 57410 | Vaults:3 | Reached skill level 10 in Throwing
 57618 | Vaults:3 | Found Nelenes's Assorted Antiques.
 57743 | Vaults:3 | Reached XP level 22. HP: 270/270 MP: 18/39
 58011 | Vaults:3 | Found Suidy's Armour Boutique.
 58024 | Vaults:3 | Identified the +1 dagger "Xoocreat" {spect, rElec rPois
                  | SInv}
 58226 | Vaults:3 | Found Xuam's Antique Armour Emporium.
 58234 | Vaults:3 | Bought a glimmering cloak for 351 gold pieces
 58234 | Vaults:3 | Identified the +2 cloak "Ixesor" {rPois rF+++ rC- MP+9
                  | SInv} (You bought it in a shop on level 3 of the Vaults)
 59497 | Vaults:4 | Reached skill level 10 in Spellcasting
 60005 | Vaults:4 | Found Xoteut's Book Boutique.
 62442 | Depths:1 | Entered Level 1 of the Depths
 62564 | Depths:1 | Reached XP level 23. HP: 276/276 MP: 32/40
 63506 | Depths:1 | Found a one-way gate to the infinite horrors of the Abyss.
 63846 | Depths:1 | Found a gateway to Hell.
 64019 | Depths:1 | Found a hazy altar of Hepliaklqana.
 64227 | Depths:2 | Reached skill level 5 in Dodging
 65145 | Depths:2 | Found a one-way gate leading to the halls of Pandemonium.
 65157 | Depths:2 | Found Huloos's Jewellery Emporium.
 65158 | Depths:2 | Found Imecuycs's Book Shop.
 65158 | Depths:2 | Found Nethish's Book Shop.
 65164 | Depths:2 | Bought a book of the Warp for 588 gold pieces
 65171 | Depths:2 | Learned a level 6 spell: Dispersal
 65173 | Depths:2 | Bought the ring of Seqotati {rC++ Will+ rCorr Dex-2 Stlth+}
                  | for 1074 gold pieces
 65383 | Depths:3 | Identified the ring of the Circus Animal {Ice *Corrode
                  | rElec SInv}
 65383 | Depths:3 | Noticed Josephina
 65403 | Depths:2 | Killed Josephina
 65743 | Depths:3 | Noticed a royal mummy
 65761 | Depths:3 | Killed a royal mummy
 66111 | Depths:3 | Learned a level 4 spell: Vhi's Electric Charge
 66390 | Depths:3 | Reached skill level 1 in Air Magic
 66676 | Depths:4 | Entered Level 4 of the Depths
 66714 | Depths:4 | Reached XP level 24. HP: 284/284 MP: 32/40
 66919 | Depths:4 | Identified a scroll of acquirement
 67069 | Depths:4 | Noticed Xtahua
 67081 | Depths:4 | Killed Xtahua
 67410 | Depths:4 | Noticed a juggernaut
 67417 | Depths:4 | Killed a juggernaut
 67418 | Depths:4 | Reached skill level 15 in Shapeshifting
 67448 | Depths:4 | Noticed Mennas
 67464 | Depths:4 | Killed Mennas
 67615 | Depths:4 | Found a gate to the Realm of Zot.
 67893 | Depths:4 | Found a one-way gateway to a ziggurat.
 67960 | Depths:4 | Found a shimmering blue altar of Sif Muna.
 68436 | Slime:1  | Entered Level 1 of the Pits of Slime
 68785 | Slime:2  | Gained mutation: You are frail. (-10% HP) [a shining eye]
 68791 | Slime:2  | Gained mutation: You are clumsy. (Dex -2) [a shining eye]
 69505 | Slime:5  | Entered Level 5 of the Pits of Slime
 69796 | Slime:5  | Reached XP level 25. HP: 197/270 MP: 40/41
 69798 | Slime:5  | Noticed the Royal Jelly
 69803 | Slime:5  | Killed the Royal Jelly
 69918 | Slime:5  | Identified the +3 chain mail of the Stag {rF+}
 69918 | Slime:5  | Identified the ring of the Republic {rF+ MP+9}
 69919 | Slime:5  | Identified the ring of Beogh's Outrage {rF+ Will- Dex+6}
 69919 | Slime:5  | Identified the +1 battleaxe of Dishonesty {flame, rF+
                  | Int+2}
 69940 | Slime:5  | Identified the staff "Ewuwn" {+Blink Conj Fire}
 69948 | Slime:5  | Identified the +5 plate armour of Tender Moments {rElec}
 69960 | Slime:5  | Got a slimy rune of Zot
 69961 | Slime:5  | Identified the Parchment of Generation
 69965 | Slime:5  | Identified the +12 chain mail of Fanaticism {rC++ Str+5
                  | Dex-5}
 70137 | Slime:4  | Reached skill level 5 in Earth Magic
 70573 | Zot:1    | Entered Level 1 of the Realm of Zot
 70915 | Zot:1    | Noticed Vv
 70935 | Zot:1    | Killed Vv
 71981 | Zot:2    | You fall into a shaft and drop 1 floor!
 73694 | Zot:4    | Reached skill level 15 in Evocations
 74105 | Zot:4    | Reached XP level 26. HP: 282/282 MP: 42/42
 74367 | Zot:4    | Identified the +4 war axe "Fifasoj" {venom, Stlth+}
 74695 | Zot:5    | Entered Level 5 of the Realm of Zot
 74907 | Zot:5    | Identified the +1 plate armour of Broken Taboos {Fly rElec}
 75503 | Vaults:5 | Entered Level 5 of the Vaults
 75524 | Vaults:5 | Identified the ring of Baror {rPois EV+5}
 75571 | Vaults:5 | Noticed a dread lich
 75595 | Vaults:5 | Killed a dread lich
 75602 | Vaults:5 | Identified the +8 falchion of Wrath {flame, rElec rPois}
 75705 | Vaults:5 | Identified the +0 storm dragon scales "Siskeinu" {rElec
                  | Int+3}
 75714 | Vaults:5 | Identified the +5 leather armour of Ligoabb {Str-2 Int+6}
 75866 | Vaults:5 | Got a silver rune of Zot
 75873 | Vaults:5 | Noticed a dread lich
 75882 | Vaults:5 | Killed a dread lich
 76468 | Vaults:5 | Identified the staff of Peyr {rElec rPois rF+ MP+9 Dex-5
                  | Fire}
 76530 | Vaults:5 | Reached XP level 27. HP: 290/290 MP: 42/42
 76613 | Vaults:5 | Noticed an ancient lich
 76616 | Vaults:5 | Killed an ancient lich
 76911 | Vaults:5 | Identified the staff "Tabebut" {rPois rF+ Will- MP+9 Int+5
                  | SInv Fire}
 76940 | Vaults:5 | Identified the ring "Ifuimo" {AC+4 Str+4 Dex+3}
 77121 | Vaults:5 | Reached skill level 10 in Dodging
 77384 | Depths:2 | Identified the +10 hand axe "Kerpho Owukor" {flame, *Noise
                  | Str-3 SInv Stlth+}
 77511 | Depths:2 | Noticed Nikola
 77515 | Depths:2 | Killed Nikola
 77649 | Depths:2 | Found a shimmering blue altar of Sif Muna.
 77779 | Depths:2 | Found The Legendary Wutis's Legendary Smithy.
 77816 | Depths:2 | Found a glowing golden altar of the Shining One.
 77857 | Depths:2 | Found Dempusar's Miraculous Elixirs.
 77902 | Depths:2 | Found Enacvit's General Store.
 78954 | Zot:5    | Noticed an ancient lich
 78956 | Zot:5    | Killed an ancient lich
 78964 | Zot:5    | Noticed an orb of fire
 78971 | Zot:5    | Gained mutation: Your health recovers twice as slowly from
                  | being drained. [an orb of fire]
 78973 | Zot:5    | Noticed an ancient lich
 78975 | Zot:5    | Gained mutation: Your mind is acute. (Int +4, Str/Dex -1)
                  | [an orb of fire]
 78978 | Zot:5    | Lost mutation: Your mind is acute. (Int +4, Str/Dex -1) [an
                  | orb of fire]
 78981 | Zot:5    | Killed an ancient lich
 78986 | Zot:5    | Gained mutation: Your magical capacity is low. (-10% MP)
                  | [an orb of fire]
 78988 | Zot:5    | Killed an orb of fire
 79878 | Zot:5    | Noticed a dread lich
 79883 | Zot:5    | Paralysed by a dread lich for 5 turns
 79891 | Zot:5    | Killed a dread lich
 79962 | Zot:5    | Noticed an orb of fire
 79972 | Zot:5    | Gained mutation: Your body sometimes deteriorates upon
                  | taking damage. [an orb of fire]
 79973 | Zot:5    | Gained mutation: You are dopey. (Int -2) [an orb of fire]
 79977 | Zot:5    | Killed an orb of fire
 80020 | Zot:5    | Noticed an orb of fire
 80024 | Zot:5    | Killed an orb of fire
 80027 | Zot:5    | Noticed an ancient lich
 80032 | Zot:5    | Killed an ancient lich
 80033 | Zot:5    | Noticed a dread lich
 80034 | Zot:5    | Killed a dread lich
 80187 | Zot:5    | Noticed an orb of fire
 80189 | Zot:5    | Noticed an orb of fire
 80190 | Zot:5    | Killed an orb of fire
 80191 | Zot:5    | Killed an orb of fire
 80194 | Zot:5    | Noticed a dread lich
 80204 | Zot:5    | Killed a dread lich
 80946 | Pan      | Entered Pandemonium
 80990 | Pan      | Noticed Poxaz the pandemonium lord
 80993 | Pan      | Killed Poxaz the pandemonium lord
 81042 | Depths:2 | Escaped Pandemonium
 81047 | Pan      | Entered Pandemonium
 81049 | Pan      | Noticed Ignacio
 81054 | Pan      | Killed Ignacio
 81168 | Pan      | Noticed Caohoeja the pandemonium lord
 81171 | Pan      | Killed Caohoeja the pandemonium lord
 81416 | Pan      | Identified the +2 ring mail "Quajeak" {rElec rF++ rC+
                  | Slay+2}
 81659 | Pan      | Got a demonic rune of Zot
 81674 | Pan      | Entered the realm of Lom Lobon.
 82712 | Pan      | Noticed Lom Lobon
 82743 | Pan      | Killed Lom Lobon
 82806 | Pan      | Got a magical rune of Zot
 83024 | Pan      | Entered the realm of Cerebov.
 83044 | Pan      | Reached skill level 10 in Stealth
 83429 | Pan      | Identified the +4 ring mail of the Weaver {rF+ Will++ Str+3
                  | SInv}
 83453 | Pan      | Identified the +4 great sword of Friendship {drain, *Rage
                  | rElec Will+ Str+6}
 83658 | Pan      | Identified the +0 robe of the Eternal Fruit {^Contam rF+++
                  | Archmagi}
 83717 | Pan      | Found the +6 sword of Cerebov {flame}
 83717 | Pan      | Noticed Cerebov
 83789 | Pan      | Killed Cerebov
 83830 | Pan      | Identified the +6 hand axe of Dissatisfaction {flame,
                  | ^Fragile +Blink rElec rF-}
 83831 | Pan      | Identified the +6 halberd of Uvvuyk Wuwej {freeze, *Noise
                  | Str+8 Int+5}
 83834 | Pan      | Identified A Beginning Course on Magic
 83941 | Pan      | Identified the +0 ring mail of Vuskoi {Str+2 Dex+7}
 83988 | Pan      | Got a fiery rune of Zot
 84033 | Pan      | Identified the staff of World Downfall {rN+ Stlth- Conj
                  | Necro}
 84269 | Pan      | Entered the realm of Gloorx Vloq.
 84361 | Pan      | Reached ***** piety under Ashenzari
 84492 | Pan      | Reached skill level 15 in Throwing
 84968 | Pan      | Noticed Gloorx Vloq
 84974 | Pan      | Killed Gloorx Vloq
 85018 | Pan      | Got a dark rune of Zot
 85168 | Pan      | Reached ****** piety under Ashenzari
 85304 | Pan      | Entered the realm of Mnoleg.
 85304 | Pan      | Found an exit through the horrors of the Abyss.
 85555 | Pan      | Noticed Mnoleg
 85577 | Pan      | Gained mutation: Your magical capacity is very low. (-20%
                  | MP) [a cacodemon]
 85601 | Pan      | Gained mutation: You are very frail. (-20% HP) [a shining
                  | eye]
 85602 | Pan      | Gained mutation: Your body often deteriorates upon taking
                  | damage. [a shining eye]
 85603 | Pan      | Killed Mnoleg
 85744 | Pan      | Got a glowing rune of Zot
 85748 | Pan      | Lost mutation: You are dopey. (Int -2) [potion of mutation]
 85748 | Pan      | Lost mutation: You are clumsy. (Dex -2) [potion of
                  | mutation]
 85748 | Pan      | Gained mutation: You are somewhat resistant to further
                  | mutation. [potion of mutation]
 85749 | Pan      | Lost mutation: Your magical capacity is very low. (-20% MP)
                  | [potion of mutation]
 85749 | Pan      | Lost mutation: Your body often deteriorates upon taking
                  | damage. [potion of mutation]
 85749 | Pan      | Gained mutation: You sometimes lose your temper in combat.
                  | [potion of mutation]
 85749 | Pan      | Gained mutation: Your muscles are very strong. (Str +8,
                  | Int/Dex -2) [potion of mutation]
 85750 | Pan      | Lost mutation: Your muscles are very strong. (Str +8,
                  | Int/Dex -2) [potion of mutation]
 85750 | Pan      | Lost mutation: Your muscles are strong. (Str +4, Int/Dex
                  | -1) [potion of mutation]
 85750 | Pan      | Gained mutation: You expend magic power (3 MP) to
                  | strengthen your wands. [potion of mutation]
 85751 | Pan      | Lost mutation: You are very frail. (-20% HP) [potion of
                  | mutation]
 85751 | Pan      | Lost mutation: Your body sometimes deteriorates upon taking
                  | damage. [potion of mutation]
 85751 | Pan      | Lost mutation: Your health recovers twice as slowly from
                  | being drained. [potion of mutation]
 85751 | Pan      | Lost mutation: You are frail. (-10% HP) [potion of
                  | mutation]
 85751 | Pan      | Gained mutation: You have large cloven feet. [potion of
                  | mutation]
 85752 | Pan      | Lost mutation: You have large cloven feet. [potion of
                  | mutation]
 85752 | Pan      | Lost mutation: You expend magic power (3 MP) to strengthen
                  | your wands. [potion of mutation]
 85753 | Pan      | Lost mutation: You sometimes lose your temper in combat.
                  | [potion of mutation]
 85753 | Pan      | Lost mutation: You are somewhat resistant to further
                  | mutation. [potion of mutation]
 85753 | Pan      | Gained mutation: You are somewhat resistant to further
                  | mutation. [potion of mutation]
 85834 | Pan      | Found an exit through the horrors of the Abyss.
 85905 | Pan      | Took an exit into the Abyss.
 85905 | Abyss:1  | Escaped into the Abyss
 85917 | Abyss:1  | Found a corrupted altar of Lugonu.
 85986 | Abyss:3  | Found a transporter.
 86036 | Abyss:3  | Found a transporter.
 86049 | Abyss:3  | Found a transporter.
 86051 | Abyss:3  | Got an abyssal rune of Zot
 86231 | Depths:2 | Escaped the Abyss
 86283 | Hell     | Entered the Vestibule of Hell
 86283 | Hell     | Noticed Geryon
 86289 | Hell     | Killed Geryon
 86488 | Hell     | Found a gateway to the decaying netherworld of Tartarus.
 86534 | Hell     | Found a gateway to the freezing wastes of Cocytus.
 86664 | Hell     | Found a gateway to the Iron City of Dis.
 86945 | Hell     | Found a gateway to the ashen valley of Gehenna.
 87126 | Tar:1    | Entered Level 1 of Tartarus
 87224 | Tar:1    | Noticed an ancient lich
 87229 | Tar:1    | Killed an ancient lich
 87366 | Tar:1    | Identified the cursed +1 acid dragon scales of Supernal
                  | Wisdom {rCorr, Comp, Dev} (You took it off Maggie on level
                  | 9 of the Dungeon)
 88829 | Tar:6    | Upgraded the game from 0.31.0 to 0.31.0-2-g5a2aebc5c2
 88858 | Tar:7    | Entered Level 7 of Tartarus
 88933 | Tar:7    | Reached skill level 15 in Stealth
 89356 | Tar:7    | Identified the +0 leather armour of the Other World {rElec
                  | rF+ rN+ MP-9}
 89357 | Tar:7    | Found the +3 warlock's mirror {omnireflect}
 89808 | Tar:7    | Learned a level 3 spell: Swiftness
 90199 | Tar:7    | Identified the +0 helmet of Starshine {rN+ Int+4 Dex+2}
 90376 | Tar:7    | Noticed Ereshkigal
 90388 | Tar:7    | Killed Ereshkigal
 90469 | Tar:7    | Got a bone rune of Zot
 91058 | Tar:7    | Identified the Vademecum on Stones and Freezing
 91288 | Tar:7    | Identified Xuapih's Spellbook of Nonlocality
 91344 | Tar:7    | Identified the amulet "Homain" {RegenMP Dex+2}
 91344 | Tar:7    | Identified the +4 spear of Quick Death {antimagic, ^Fragile
                  | rPois rC+ SInv}
 91530 | Dis:1    | Entered Level 1 of the Iron City of Dis
 91616 | Dis:1    | Learned a level 8 spell: Infestation
 91959 | Dis:1    | Found a burning altar of Makhleb.
 92740 | Dis:4    | Noticed an ancient lich
 92740 | Dis:4    | Noticed an ancient lich
 92742 | Dis:4    | Noticed an ancient lich
 92744 | Dis:4    | Killed an ancient lich
 92747 | Dis:4    | Killed an ancient lich
 92755 | Hell     | Killed an ancient lich
 92980 | Dis:4    | Reached skill level 5 in Armour
 92980 | Dis:4    | Reached skill level 15 in Spellcasting
 93770 | Dis:7    | Entered Level 7 of the Iron City of Dis
 94618 | Dis:7    | Reached skill level 15 in Necromancy
 95680 | Dis:7    | Noticed a juggernaut
 95682 | Dis:7    | Killed a juggernaut
 95686 | Dis:7    | Identified the Omnibus of Transforming Space
 95688 | Dis:7    | Identified the +11 halberd "Isowoega" {venom, rF+ Dex+4
                  | Stlth-}
 95688 | Dis:7    | Identified the -2 buckler of Macaroni {rN+}
 95689 | Dis:7    | Identified the +7 trident of Grace {freeze, ^Fragile rF+++
                  | rN+++}
 95690 | Dis:7    | Identified the amulet "Vizofah" {Reflect Will+ Dex+3 SH+5}
 96076 | Dis:7    | Noticed a juggernaut
 96082 | Dis:7    | Killed a juggernaut
 96167 | Dis:7    | Identified the ring "Domora" {rElec Will+}
 96167 | Dis:7    | Noticed Dispater
 96209 | Dis:7    | Killed Dispater
 96240 | Dis:7    | Got an iron rune of Zot
 96712 | Lair:3   | Killed BigPumpCobain's ghost
 97425 | Geh:1    | Entered Level 1 of Gehenna
 97987 | Geh:3    | Reached skill level 15 in Dodging
 99266 | Geh:7    | Entered Level 7 of Gehenna
 99280 | Geh:7    | Reached skill level 10 in Armour
 99331 | Geh:7    | Reached skill level 1 in Conjurations
 99331 | Geh:7    | Reached skill level 1 in Alchemy
 99425 | Geh:7    | Noticed the Serpent of Hell
 99444 | Geh:7    | Killed the Serpent of Hell
100129 | Geh:7    | Identified the +8 morningstar of Dullness {freeze, +Blink
                  | rN+ rCorr}
100136 | Geh:7    | Reached skill level 5 in Conjurations
100143 | Geh:7    | Reached skill level 5 in Alchemy
100307 | Geh:7    | Identified the +5 falchion of Chance {freeze, rElec rF-
                  | rC++ Str+3}
100385 | Geh:7    | Found the +13 sceptre of Asmodeus
100385 | Geh:7    | Noticed Asmodeus
100405 | Geh:7    | Killed Asmodeus
100596 | Geh:7    | Got an obsidian rune of Zot
101420 | Coc:1    | Entered Level 1 of Cocytus
102895 | Coc:7    | Entered Level 7 of Cocytus
103205 | Coc:7    | Identified the Parchment of Changed Sciomancy
103310 | Coc:7    | Learned a level 5 spell: Borgnjor's Vile Clutch
103704 | Coc:7    | Noticed Antaeus
103902 | Coc:7    | Killed Antaeus
103925 | Coc:7    | Got an icy rune of Zot
104930 | Zig:1    | Entered Level 1 of a ziggurat
104955 | Zig:2    | Entered Level 2 of a ziggurat
104979 | Zig:3    | Entered Level 3 of a ziggurat
105012 | Zig:4    | Entered Level 4 of a ziggurat
105040 | Zig:5    | Entered Level 5 of a ziggurat
105053 | Zig:5    | Identified the amulet of Ympyhaph {+Inv rF- Regen+ Stlth+}
105097 | Zig:6    | Entered Level 6 of a ziggurat
105111 | Zig:6    | Identified the +9 hand axe of the Sharing Boar {vamp,
                  | ^Drain rF+ Str+6 Stlth+}
105137 | Zig:7    | Entered Level 7 of a ziggurat
105143 | Zig:7    | Identified the +0 pair of gloves of Icostr Wouza {rC+}
105194 | Zig:8    | Entered Level 8 of a ziggurat
105207 | Zig:8    | Identified the +11 flail "Daegg" {heavy, rElec Int-5 Dex+4}
105207 | Zig:8    | Identified the +0 robe of Boclaviep {*Corrode rC+++ Will-
                  | Archmagi}
105208 | Zig:8    | Identified the Anthology of the Vapourous Missiles
105242 | Zig:9    | Entered Level 9 of a ziggurat
105254 | Zig:9    | Reached skill level 15 in Armour
105266 | Zig:9    | Identified the Lectures on Locality
105267 | Zig:9    | Identified the +10 broad axe "Mud Pie of Death" {spect, rF-
                  | rC+ rCorr}
105277 | Zig:9    | Reached skill level 10 in Conjurations
105277 | Zig:9    | Reached skill level 10 in Alchemy
105565 | Crypt:1  | Entered Level 1 of the Crypt
106633 | Crypt:2  | Found a transporter.
106638 | Crypt:2  | Identified the ring of the Chewing Gods {Fire +Blink Str+4}
106639 | Crypt:2  | Identified the ring "Mitsefiz" {rElec Int+6}
106878 | Crypt:2  | Found a transporter.
107092 | Crypt:3  | Entered Level 3 of the Crypt
107320 | Crypt:3  | Found an ancient bone altar of Kikubaaqudgha.
107320 | Crypt:3  | Noticed a dread lich
107321 | Crypt:3  | Killed a dread lich
107551 | Crypt:3  | Found a staircase to the Tomb.
107551 | Crypt:3  | Identified the ring "Juhuigil" {+Blink rN+ Str+2 Dex-4}
107551 | Crypt:3  | Identified the ring "Nenol" {rN+ Str+6}
107896 | Crypt:3  | Identified Getz's Anthology of Black Magic
108087 | Tomb:1   | Entered Level 1 of the Tomb of the Ancients
108544 | Tomb:1   | Noticed a royal mummy
108550 | Tomb:1   | Killed a royal mummy
108716 | Tomb:1   | Noticed a royal mummy
108724 | Tomb:1   | Killed a royal mummy
108987 | Tomb:1   | Identified the ring of Jyduy {Ice rElec Int+3}
109218 | Tomb:1   | Noticed a royal mummy
109218 | Tomb:1   | Noticed a royal mummy
109224 | Tomb:2   | Noticed a royal mummy
109225 | Tomb:2   | Noticed a royal mummy
109226 | Tomb:2   | Noticed a royal mummy
109227 | Tomb:2   | Noticed a royal mummy
109227 | Tomb:2   | Noticed a royal mummy
109237 | Tomb:2   | Killed a royal mummy
109343 | Tomb:2   | Killed a royal mummy
109345 | Tomb:2   | Killed a royal mummy
109346 | Tomb:2   | Killed a royal mummy
109350 | Tomb:2   | Killed a royal mummy
109889 | Tomb:1   | Noticed a royal mummy
109893 | Tomb:1   | Killed a royal mummy
109898 | Tomb:1   | Noticed a royal mummy
109904 | Tomb:1   | Killed a royal mummy
109918 | Tomb:1   | Noticed a royal mummy
109926 | Tomb:1   | Killed a royal mummy
109946 | Tomb:1   | Noticed a royal mummy
109952 | Tomb:1   | Killed a royal mummy
109958 | Tomb:1   | Noticed a royal mummy
109962 | Tomb:1   | Killed a royal mummy
110011 | Tomb:1   | Killed a royal mummy
110028 | Tomb:1   | Killed a royal mummy
110051 | Tomb:1   | Noticed a royal mummy
110056 | Tomb:1   | Killed a royal mummy
110066 | Tomb:1   | Noticed a royal mummy
110071 | Tomb:1   | Killed a royal mummy
110520 | Vaults:3 | Bought runed gold dragon scales for 2241 gold pieces
110520 | Vaults:3 | Bought a wand of roots (5) for 324 gold pieces
111332 | Vaults:3 | Killed MackTheFife's ghost
112687 | Tomb:3   | Entered Level 3 of the Tomb of the Ancients
112728 | Tomb:3   | Noticed a royal mummy
112731 | Tomb:3   | Killed a royal mummy
112732 | Tomb:3   | Noticed a royal mummy
112734 | Tomb:3   | Noticed a royal mummy
112736 | Tomb:3   | Killed a royal mummy
112738 | Tomb:3   | Killed a royal mummy
112739 | Tomb:3   | Noticed a royal mummy
112744 | Tomb:3   | Killed a royal mummy
112745 | Tomb:3   | Noticed a royal mummy
112745 | Tomb:3   | Noticed a royal mummy
112745 | Tomb:3   | Noticed a royal mummy
112750 | Tomb:3   | Killed a royal mummy
112751 | Tomb:3   | Identified the staff "Wufrog" {rF+ rCorr Dex+3 Fire}
112751 | Tomb:3   | Noticed a royal mummy
112751 | Tomb:3   | Noticed a royal mummy
112757 | Tomb:3   | Killed a royal mummy
112758 | Tomb:3   | Identified the Notes on Combined Snow
112759 | Tomb:3   | Identified the Codex of the Panacea and the Syncline
112862 | Tomb:3   | Killed a royal mummy
112863 | Tomb:3   | Killed a royal mummy
112864 | Tomb:3   | Killed a royal mummy
112876 | Tomb:3   | Identified Weuben's Anthology of the Liminal Throng
112877 | Tomb:3   | Identified the +2 leather armour "Fibienky" {Will++ Dex+3}
112878 | Tomb:3   | Identified the amulet "Tunuqep" {RegenMP rN+ MP-9 Dex+3}
112881 | Tomb:3   | Identified the +8 chain mail "Qoisehadghu" {rC+ Int+2}
112885 | Tomb:3   | Identified the +10 scimitar of Generosity {drain, ^Drain
                  | rElec Int+5 Stlth+}
113025 | Tomb:3   | Identified the ring of Sunlight {rPois Dex+3}
113030 | Tomb:3   | Identified the +2 hand axe "Ylecuuv" {speed, rN+ Dex+5
                  | Stlth+}
113031 | Tomb:3   | Found the +8 whip "Snakebite" {venom, curare, rPois}
113031 | Tomb:3   | Identified the +6 dire flail of Circular Logic {heavy,
                  | rElec rC+}
113035 | Tomb:3   | Identified the Handbook of the Throng
113037 | Tomb:3   | Identified the ring of Meluplik {rC+ rN+}
113297 | Tomb:3   | Got a golden rune of Zot
113977 | Zot:5    | Got the Orb of Zot
114155 | Depths:4 | Noticed Zyvohucio the pandemonium lord
114160 | Depths:4 | Killed Zyvohucio the pandemonium lord
114193 | Depths:4 | Acquired 731 gold pieces
114439 | D:7      | Noticed Iruh Rouf the pandemonium lord
114447 | D:7      | Killed Iruh Rouf the pandemonium lord
114549 | D:4      | Noticed Vohaahod the pandemonium lord
114626 | D:$      | Escaped with the Orb!

Illustrated notes

Levels and vault maps discovered:
D:1:      moated_graveyard_arrival, layout_basic
D:2:      layout_loops_ring, hellmonk_ecumenical_altar_pennies_from_heaven
D:3:      layout_rooms, ashenzari_altar_1, uniq_ijyb, uniq_natasha
D:4:      layout_cave_pools, uniq_grinder
D:5:      layout_gridville, mainiacjoe_overflow_alcove_2,
          nicolae_overflow_hidden_temple, mainiacjoe_overflow_alcove_4,
          guppyfry_early_lair_pool
D:6:      layout_loops_cross
D:7:      cheibrodos_statue_roulette, layout_basic, lemuel_round_altar,
          minmay_misc_feat_encased, kennysheep_generic_room_3
D:8:      layout_basic, uniq_jeremiah, uniq_erica, uniq_psyche, uniq_maurice,
          uniq_gastronok
D:9:      nzn_winding_woodlands_large [nzn_winding_woodlands_5x5_perimeter,
          nzn_winding_woodlands_5x15_pockets,
          nzn_winding_woodlands_5x5_open_star,
          nzn_winding_woodlands_center_lodge,
          nzn_winding_woodlands_15x15_boxy_spiral,
          nzn_winding_woodlands_center_pierced_h,
          nzn_winding_woodlands_hourglass, nzn_winding_woodlands_5x15_default,
          nzn_winding_woodlands_5x5_cross], layout_long_grid,
          trog_three_pillars_becter, nicolae_vehumet_radiance,
          patterned_corridor, uniq_maggie
D:10:     layout_basic, overflow_temple_1_default, mainiacjoe_overflow_alcove_1,
          kennysheep_little_box, lair_entry_dummy, minivault_22,
          chequers_serial_rivers_micro_e, worms_lemuel
D:11:     layout_basic
D:12:     layout_loops_ring, gauntlet_entry_generic, uniq_fannar
D:13:     layout_long_grid, uniq_azrael
D:14:     layout_basic, david_vaults_3
D:15:     gammafunk_enter_depths_forms, layout_loops_ring, minmay_fountain_box,
          tgw_sif, uniq_jorgrun, uniq_louise
Temple:   nicolae_temple_ecumenical_triangle
Lair:1:   layout_big_grid, small_statue_intersection, beast_lair_carwin_9
Lair:2:   layout_hall_layers, elwin_shoals_entry_rooms,
          guppyfry_snake_entry_garden
Lair:3:   layout_gridlike, gammafunk_ghost_hive, basic_altar
Lair:4:   layout_layer_cave, dpeg_slime_entry_corner,
          nicolae_quartered_pool_medium, grunt_megastairs_1,
          serial_bayou_shore_b
Lair:5:   wormcave, layout_gridlike, guppyfry_lair_end_dragon,
          serial_bayou_pond_d, dreamdust_deal_with_the_devil,
          nicolae_lair_lindhole
Shoals:1: layout_shoals, nicolae_shoals_the_drawing_of_the_three
Shoals:2: layout_shoals, serial_shops, nicolae_shop_back_alley_shop
Shoals:3: layout_shoals, nicolae_shoals_beach_cooler
Shoals:4: shoals_end_hellmonk_storm_palace [storm_palace_center_ruins,
          storm_palace_corner_grid, storm_palace_corner_blocked,
          storm_palace_corner_narrow, storm_palace_corner_reverse_hut],
          uniq_mara, uniq_donald
Snake:1:  layout_gridlike, serial_shops, shop, grunt_megastairs_5, uniq_aizul
Snake:2:  layout_honeycomb, drop_trap, grunt_ministairs_10, serial_bayou_shore_a
Snake:3:  layout_misc_corridors, nicolae_stop_n_shop_2, st_stairs_12
Snake:4:  grunt_snake_rune_serpentine_throne, layout_onion_interference,
          serial_shops, shop, nicolae_shop_window_shopping, nicolae_shop_stone,
          shop, nicolae_shop_i_like_small_books_too, uniq_vashnia
Slime:1:  layout_caves, cheibrodos_slime_lost_civilization_7
Slime:2:  layout_caves, cheibrodos_slime_lost_civilization_6
Slime:3:  layout_caves, nicolae_slime_phagocytosis
Slime:4:  layout_caves, nicolae_slime_getting_an_eyeful
Slime:5:  slime_pit
Orc:1:    layout_diamond_mine
Orc:2:    grunt_orc_tribal_feast, layout_caves, special_room, uniq_saint_roka,
          uniq_urug, uniq_rupert, uniq_erolcha, uniq_nessos
Elf:1:    layout_loops_corners, kennysheep_underground_church, minivault_16,
          uniq_frances
Elf:2:    elven_hall_of_blades_hangedman_alternative
          [nicolae_blade_entry_pointy_end], layout_loops_corners
Elf:3:    minmay_elf_hall_quartered_circle, layout_loops_cross, serial_shops,
          nicolae_shop_waterfront
Vaults:1: nicolae_vaults_branching_niches, nicolae_vaults_ninety_degrees,
          nicolae_vaults_wrenched, vaults_room_grid,
          nicolae_vaults_sesquioval_fish, hangedman_vaults_stream,
          hangedman_vaults_stretched_pinwheel, nicolae_vaults_little_squares_2,
          nicolae_vaults_little_squares_4, layout_vaults_omnibox, uniq_zenata
Vaults:2: grunt_vaults_twisty, nicolae_vaults_more_shelving_1,
          nicolae_vaults_windows_and_doors_thing, v_rooms_4,
          vaults_dpeg_encased_lava, grunt_vaults_swirl,
          hangedman_vaults_corner_blocks, hangedman_vaults_capsules,
          vaults_dpeg_ring, nicolae_vaults_security_offices_5,
          layout_vaults_omnigrid, serial_shops, shop
Vaults:3: ebering_ghost_inner_flame, minmay_crypt_entry_nasty_monster,
          ontoclasm_vaults_tryst, cheibrodos_frozen_isle, vaults_mumra_lcd,
          nicolae_vaults_taking_the_gang_shopping,
          nicolae_vaults_closet_pinwheel_2, v_alt_pattern_5,
          nicolae_vaults_frosty_reception, hangedman_vaults_impose, v_rooms_1,
          nicolae_vaults_diagonal_hallway_9, vaults_room_door_ring,
          layout_vaults_maze, serial_shops, nicolae_shop_getting_attention,
          nicolae_shop_hallway_plus, shop, serial_glass, uniq_asterion
Vaults:4: nicolae_vaults_octothorpe, hangedman_vaults_variations,
          vaults_standard_mumra_enter_the_diamond,
          serial_library_hellmonk_open_square, nicolae_vaults_triangles,
          dpeg_vaults_monster_box, nicolae_vaults_sightless_eye, v_misc_5,
          nicolae_vaults_trapezoid_lopsided_2, vaults_room_pools,
          nicolae_vaults_tetromino_Z_1, nicolae_vaults_apartment_2,
          nicolae_vaults_trapezoid_3, layout_vaults_ring, serial_shops, shop
Vaults:5
Crypt:1:  layout_catacombs
Crypt:2:  gammafunk_its_a_trap, layout_basic, uniq_margery
Crypt:3:  cryptofortress_bobbens
Tomb:1
Tomb:2
Tomb:3
Depths:1: layout_cave_pools, abyss_entry, lightli_too_deep, dk_noncrumbling_3,
          nicolae_hepliaklqana_hippocampus
Depths:2: grated_community_mu [grated_community_mu_vampire_home,
          grated_community_mu_giant_home, grated_community_mu_spellcaster_home,
          grated_community_mu_orcish_home, grated_community_mu_troll_home,
          grated_community_mu_taur_home, grated_community_mu_unbuilt_plot],
          layout_cave_shapes, hell_entry, pan_entry,
          abyss_entry_small_statue_room, nrook_mini_backslash,
          infiniplex_staircase_diamond, minmay_shop_grove, uniq_nikola
Depths:3: ragdoll_tomb_raider, layout_basic, minmay_misc_feat_chi, abyss_entry,
          hell_entry, serial_glass, glass_columns_a, glass_columns_b,
          glass_columns_a, glass_columns_b, glass_columns_a, glass_columns_b,
          glass_columns_c, glass_columns_a, uniq_josephina
Depths:4: grunt_zot_entry_gee_three, layout_cave_shapes, enter_ziggurat_e,
          rand_demon_pan_entry_1, lemuel_statue_altar, hell_entry,
          minmay_misc_feat_secret_circle, uniq_xtahua, uniq_mennas
Hell
Dis:1:    kennysheep_iron_temple, layout_jigsaw
Dis:2:    layout_jigsaw
Dis:3:    layout_regular_city, glass_columns_c
Dis:4:    layout_subdivisions, serial_glass, glass_columns_a, glass_columns_a,
          nicolae_dis_liches_on_tour
Dis:5:    layout_gridville
Dis:6:    layout_regular_city, nicolae_dis_iron_filings
Dis:7:    dis_st
Geh:1:    layout_gehenna_lava_caves, evilmike_ambush
          [evilmike_ambush_outer_basic, evilmike_ambush_inner_pond]
Geh:2:    layout_gehenna_pools_box, nicolae_geh_rippling_lava
Geh:3:    layout_gehenna_pools_box, nicolae_geh_isolated_escape
Geh:4:    layout_gehenna_pools_basic, nicolae_geh_gnashing_of_teeth
Geh:5:    layout_gehenna_lava_caves
Geh:6:    layout_gehenna_pools_box
Geh:7:    geh_old
Coc:1:    layout_ice_bergs
Coc:2:    layout_ice_bergs
Coc:3:    layout_ice_bergs
Coc:4:    layout_cocytus_water_paths
Coc:5:    nicolae_coc_on_the_berg
Coc:6:    layout_cocytus_water_paths
Coc:7:    coc_dpeg
Tar:1:    layout_grid_maze
Tar:2:    layout_catacombs
Tar:3:    layout_grid_maze, nicolae_tar_cuneiform_to_be
Tar:4:    layout_grid_maze
Tar:5:    layout_honeycomb
Tar:6:    layout_honeycomb, nicolae_tar_combbox
Tar:7:    tar_mu [tar_mu_maze]
Zot:1:    layout_concentric_octagons, zot_minivault_5, uniq_vv
Zot:2:    layout_misc_corridors
Zot:3:    layout_twisted_circle, grunt_ministairs_6, hangedman_zot_decor_slant,
          hangedman_zot_decor_scrapings
Zot:4:    layout_basic, st_stairs_7
Zot:5:    layout_twisted_circle

Skill      XL: |  1  2  3  4  5  6  7  8  9 10 11 12 13 14 15 16 17 18 19 20 21 22 23 24 25 26 27 |
---------------+----------------------------------------------------------------------------------+-----
Maces & Flails | 3 4 5 6 7 9 10 12 14 15 17 19 24 | 24.6
Evocations     | 1 3 8 10 12 13 14 15 16 22 | 22.4
Fighting       | 5 6 8 10 11 13 15 16 18 20 21 22 23 24 | 24.3
Throwing       | 3 5 6 8 10 12 14 22 | 22.1
Dodging        | 3 6 9 17 | 17.5
Translocations | 2 4 9 10 11 13 | 13.0
Armour         | 1 20 | 20.0
Shapeshifting  | 5 10 13 14 16 17 21 | 21.4
Spellcasting   | 6 8 9 10 11 12 15 | 15.9
Stealth        | 4 5 8 15 | 15.0
Necromancy     | 5 9 10 11 12 13 19 | 19.1
Ice Magic      | 4 5 |  5.0
Earth Magic    | 4 5 6 |  6.0
Air Magic      | 3 4 |  4.0
Conjurations   | 10 | 10.4
Alchemy        | 10 | 10.4

Action                     |  1- 3 |  4- 6 |  7- 9 | 10-12 | 13-15 | 16-18 | 19-21 | 22-24 | 25-27 || total
---------------------------+-------+-------+-------+-------+-------+-------+-------+-------+-------++-------
  Melee: Flail             |    87 |   141 |   200 |       |       |       |       |       |       ||   428
         Headbutt          |    11 |    19 |    50 |    82 |   151 |   129 |    66 |    46 |   275 ||   829
         Mace              |     2 |       |       |       |       |       |       |       |       ||     2
         Punch             |     1 |     2 |     2 |     4 |       |       |       |       |       ||     9
         Morningstar       |       |       |    10 |   238 |       |       |       |       |       ||   248
         Giant club        |       |       |       |   287 |   753 |   992 |  1156 |  1288 |  1055 ||  5531
         Giant spiked club |       |       |       |       |       |       |       |       |  4885 ||  4885
  Throw: Dart              |     1 |     6 |     9 |    54 |    45 |     1 |       |       |       ||   116
         Boomerang         |       |       |    12 |    57 |    63 |    16 |       |       |       ||   148
         Throwing net      |       |       |       |       |     2 |       |       |       |       ||     2
         Large rock        |       |       |       |       |       |       |       |       |     6 ||     6
         Javelin           |       |       |       |       |       |       |       |       |    44 ||    44
   Cast: Manifold Assault  |       |       |       |       |       |   241 |   518 |   600 |  2982 ||  4341
         Fugue of the Fall |       |       |       |       |       |       |    12 |    30 |    69 ||   111
         Death Channel     |       |       |       |       |       |       |     4 |    26 |    85 ||   115
         Ozocubu's Armour  |       |       |       |       |       |       |       |     1 |       ||     1
         Infestation       |       |       |       |       |       |       |       |       |    29 ||    29
         Blink             |       |       |       |       |       |       |       |       |     4 ||     4
 Invoke: Curse Item        |     2 |     2 |     1 |     1 |     1 |     1 |       |     2 |     3 ||    13
         Shatter the Chain |       |       |     1 |     1 |     1 |       |       |     3 |     2 ||     8
  Evoke: Wand              |       |       |     3 |     7 |    14 |     1 |       |     1 |    51 ||    77
         Sack of spiders   |       |       |       |       |     1 |       |     1 |     1 |     3 ||     6
         Condenser vane    |       |       |       |       |     1 |     1 |     2 |       |     5 ||     9
         Phial of floods   |       |       |       |       |     1 |     1 |     2 |       |       ||     4
         Phantom mirror    |       |       |       |       |       |     2 |       |     1 |     8 ||    11
    Use: Potion            |     2 |     2 |     1 |     1 |     8 |       |     2 |     1 |    26 ||    43
         Scroll            |     2 |       |     1 |     3 |     5 |     1 |     3 |       |    40 ||    55
   Stab: Sleeping          |     5 |     3 |     4 |     4 |     3 |     2 |     1 |     2 |    10 ||    34
         Paralysed         |       |       |     9 |     5 |     1 |       |       |       |       ||    15
         Distracted        |       |       |     1 |     1 |       |     1 |     1 |     2 |     5 ||    11
         Held in net/web   |       |       |       |       |       |       |       |     1 |       ||     1
         Confused          |       |       |       |       |       |       |       |       |     2 ||     2
 Armour: Robe              |    65 |   112 |   140 |   137 |       |       |       |       |       ||   454
         Skin              |       |    37 |       |    41 |    79 |   930 |   722 |   778 |  3196 ||  5783
         Steam dragon scal |       |       |       |   205 |   122 |       |       |       |       ||   327
         Acid dragon scale |       |       |       |       |   419 |       |       |       |       ||   419
         Quicksilver drago |       |       |       |       |       |       |       |       |   144 ||   144
         Storm dragon scal |       |       |       |       |       |       |       |       |    70 ||    70
  Dodge: Dodged            |    51 |    83 |    59 |   257 |   272 |   365 |   252 |   225 |  1572 ||  3136
   Form: Statue            |       |       |       |       |     2 |       |       |       |     5 ||     7
                           |       |       |       |       |     1 |       |       |       |     2 ||     3
         Death             |       |       |       |       |       |       |       |       |     8 ||     8
